 Dungeon Crawl Stone Soup version 0.20.1-1-g8b1a95d (webtiles) character file.

3982 tidbits the Martial Artist (level 9, -3/66 HPs)
             Began as a Demigod Transmuter on Aug 19, 2017.
             Slain by an orc warrior
             ... wielding a +0 mace
              (20 damage)
             ... on level 8 of the Dungeon.
             The game lasted 00:39:56 (4539 turns).

tidbits the Martial Artist (Demigod Transmuter)     Turns: 4539, Time: 00:39:56

Health: -3/66      AC:  2    Str: 13    XL:     9   Next: 72%
Magic:  8/15       EV: 15    Int: 23    God:
Gold:   97         SH:  0    Dex: 16    Spells: 1/12 levels left

rFire    . . .     SeeInvis .     - Unarmed
rCold    . . .     Gourm    .   (shield currently unavailable)
rNeg     . . .     Faith    .   B - +0 robe (curse)
rPois    .         Spirit   .   (helmet restricted)
rElec    .         Reflect  .   C - +0 cloak
rCorr    .         Harm     .   (gloves currently unavailable)
MR       .....                  (no boots)
Stlth    +.........             (no amulet)
Regen    0.3/turn               (no ring)
MPRegen  0.2/turn               (no ring)

@: blade hands
A: antennae 1, deformed body, frail 1, high mp 1, MP-powered wands
a: End Transformation


You were on level 8 of the Dungeon.
You were hungry.
You had blades for hands.
You visited 1 branch of the dungeon, and saw 9 of its levels.

You collected 385 gold pieces.
You spent 288 gold pieces at shops.

Inventory:

Missiles
 a - 57 arrows
 n - 5 exploding tomahawks (quivered)
Armour
 B - a cursed +0 robe (worn)
 C - a +0 cloak (worn)
 E - a +0 helmet
 G - a +0 pair of gloves (melded)
Jewellery
 o - an uncursed amulet of guardian spirit
   (You found it on level 2 of the Dungeon)
Wands
 p - a wand of paralysis (24/24)
 q - a wand of random effects (35/48)
 F - a wand of confusion (11/48)
Scrolls
 b - a scroll of random uselessness {unknown}
 e - 3 scrolls of immolation
 h - 2 scrolls of teleportation
 j - a scroll of blinking
 k - a scroll of magic mapping
 l - a scroll of enchant weapon {unknown}
 m - a scroll of amnesia {unknown}
 r - a scroll of remove curse
 u - a scroll of enchant armour {unknown}
 w - a scroll of recharging
 y - a scroll of noise {unknown}
Potions
 i - a potion of cancellation
 s - 3 potions of flight
 t - a potion of magic
 v - 6 potions of curing
 A - a potion of heal wounds {unknown}
 D - 2 potions of resistance
Books
 c - a book of Changes

   Spells                             Type                      Level
   a - Beastly Appendage              Transmutation                1
   b - Sticks to Snakes               Transmutation                2
   c - Spider Form                    Transmutation/Poison         3
   d - Ice Form                       Ice/Transmutation            4
   e - Blade Hands                    Transmutation                5
Comestibles
 d - 4 bread rations
 f - 4 meat rations
 g - 3 chunks of flesh
 z - a fruit
 H - a royal jelly


   Skills:
 - Level 5.2 Fighting
 - Level 5.3 Dodging
 - Level 9.3 Unarmed Combat
 - Level 2.0 Spellcasting
 + Level 6.8 Transmutations


You had one spell level left.
You knew the following spells:

 Your Spells              Type           Power        Failure   Level  Hunger
e - Beastly Appendage     Tmut           ####..       14%         1    #......
h - Blade Hands           Tmut           ####......   65%         5    ######.
k - Sticks to Snakes      Tmut           ####....     16%         2    ##.....
p - Spider Form           Tmut/Pois      ###.......   45%         3    ###....


Dungeon Overview and Level Annotations

Branches:
Dungeon (9/15)             Temple (0/1) D:7
   Lair: D:8-11         Orc: D:9-12

Shops:
D:4 !(

Annotations:
D:9 Maurice


Innate Abilities, Weirdness & Mutations

You have an increased reservoir of magic. (+10% MP)
You have a pair of small antennae on your head.
Armour fits poorly on your strangely shaped body.
You are frail. (-10% HP)
You expend magic power (3 MP) to strengthen your wands.


Message History

Casting: Sticks to Snakes
Confirm with . or Enter, or press ? or * to list all spells.
Your hands turn into razor-sharp scythe blades.
Your +0 pair of gloves melds into your body.
You swap places.
You slash the orc!
You kill the orc!
You slice the orc!!
You kill the orc!
You barely miss the orc.
Your ball python barely misses the orc.
Your ball python completely misses the orc.
The orc hits you but does no damage.
You slice the orc!!
You kill the orc!
You slice the orc!!
You kill the orc!
You slice the orc!!
You kill the orc!
The orc shouts!
An orc comes into view. It is wielding a hand axe.
Items here: $ )))) [[[ ††† You swap places.
You swap places.
You swap places.
Your transformation is almost over.
You slash the orc!
You kill the orc!
You slice the orc!!
You kill the orc!
The orc priest miscasts a cantrip.
Items here: $ )))))) [[[ ††††† You barely miss the orc priest.
You slash the orc priest.
The orc priest is moderately wounded.
You barely miss the orc priest.
The orc priest is moderately wounded.
The orc priest misses you.
You slice the orc priest!!
You kill the orc priest!
An orc comes into view. It is wielding a flail.
You slice the orc!!
You kill the orc!
The orc barely misses your adder.
The orc closely misses you. 3 orcs come into view.
Items here: $ )) [ † a hand axe; a leather armour; a club; 12 gold pieces; an orc corpse You barely miss the orc.
Your adder bites the orc.
The orc is poisoned.
Your adder poisons the orc!
The orc hits you with a hand axe.
* * * LOW HITPOINT WARNING * * *
The orc closely misses your adder.
You barely miss the orc.
The orc is severely wounded.
Your hands revert to their normal proportions.
Your +0 pair of gloves unmelds from your body.
The orc shouts!
Your adder bites the orc.
The orc dies!
You swap places.
The orc shouts!
Things that are here:
a hand axe; 13 gold pieces; an orc corpse
Casting: Blade Hands
Confirm with . or Enter, or press ? or * to list all spells.
Your hands turn into razor-sharp scythe blades.
Your +0 pair of gloves melds into your body.
The orc shouts!
The orc throws a tomahawk.
The tomahawk barely misses you. The tomahawk barely misses your adder.
An orc comes into view. It is wielding a mace.
The orc hits you with a flail.
* * * LOW HITPOINT WARNING * * *
An orc and an orc warrior come into view.
The orc warrior shouts!
You slash the orc!
You kill the orc!
You slice the orc!!
You kill the orc!
An orc comes into view. It is wielding a mace.
The orc closely misses you.
Items here: ( ) [[ a leather armour; a flail; 3 tomahawks; a leather armour The orc shouts!
You hit the orc.
The orc is moderately wounded.
You closely miss the orc. You slash the orc.
You kill the orc!
You hit the orc.
The orc is moderately wounded.
The orc closely misses you.
You slice the orc!!
You kill the orc!
Your ball python withers and dies!
You slash the orc!
You kill the orc!
You are feeling hungry.
You slash the orc warrior!
The orc warrior is heavily wounded.
You slash the orc warrior!
The orc warrior is almost dead.
The orc warrior hits you with a mace!!
You die... ### # #.... # _.. # ... ##### .oo

#.... #o# #....
#o# #.... #o#
#.####.... #@#
#......... #S#
######....
#S###### #....
#()....#######....
###...............
#....######..###
###### ###....
#...... #......


You could see an orc warrior, 4 orcs, a friendly adder and a friendly ball
python.

Vanquished Creatures
  A slime creature (D:8)
  Prince Ribbit (D:7)
  2 hippogriffs
  A hungry ghost (D:7)
  Menkaure (D:7)
  3 sky beasts
  A necrophage (D:7)
  A phantom (D:5)
  A black bear (D:8)
  5 ogres
  2 centaurs
  2 bullfrogs
  A scorpion (D:9)
  9 killer bees (D:8)
  4 wights (D:8)
  2 howler monkeys
  6 crimson imps
  2 orc priests
  5 orc wizards
  Crazy Yiuf (D:3)
  5 hounds
  A centaur skeleton (D:4)
  5 iguanas
  Terence (D:3)
  A hound skeleton (D:8)
  9 adders
  3 shadow imps
  3 oozes
  An adder zombie (D:6)
  6 worms
  An adder skeleton (D:8)
  4 dart slugs
  6 leopard geckos
  21 orcs
  9 giant cockroaches
  10 hobgoblins
  8 jackals
  3 quokkas
  2 ball pythons
  3 bats
  4 frilled lizards (D:2)
  6 goblins
  A jackal zombie (D:7)
  8 kobolds
  A leopard gecko skeleton (D:4)
  A quokka zombie (D:7)
  4 rats
178 creatures vanquished.

Vanquished Creatures (collateral kills)
  A hippogriff (D:7)
  2 adders
  An adder skeleton (D:6)
  A worm (D:3)
  2 orcs
  A jackal (D:6)
8 creatures vanquished.

Grand Total: 186 creatures vanquished

Notes
Turn   | Place    | Note
-------+----------+-------------------------------------------
     0 | D:1      | tidbits the Demigod Transmuter began the quest for the Orb.
     0 | D:1      | Reached XP level 1. HP: 15/15 MP: 5/5
    30 | D:1      | Reached skill level 3 in Unarmed Combat
    83 | D:1      | Reached XP level 2. HP: 10/22 MP: 7/7
    87 | D:1      | Learned a level 2 spell: Sticks to Snakes
   531 | D:2      | Reached XP level 3. HP: 27/27 MP: 6/8
   638 | D:2      | Reached skill level 2 in Spellcasting
   643 | D:2      | Learned a level 3 spell: Spider Form
   733 | D:2      | Reached skill level 2 in Transmutations
   847 | D:4      | Reached skill level 4 in Unarmed Combat
   847 | D:4      | Reached XP level 4. HP: 26/34 MP: 5/9
   878 | D:3      | Found a glowing silver altar of Zin.
   879 | D:3      | Found a glowing golden altar of the Shining One.
   883 | D:3      | Found a white marble altar of Elyvilon.
  1097 | D:3      | Found a runed door.
  1101 | D:3      | Noticed Crazy Yiuf
  1154 | D:3      | Killed Crazy Yiuf
  1154 | D:3      | Reached skill level 3 in Transmutations
  1255 | D:2      | Found a hazy altar of Hepliaklqana.
  1313 | D:3      | Noticed Terence
  1355 | D:3      | Reached XP level 5. HP: 37/39 MP: 0/10
  1378 | D:3      | Found an ancient bone altar of Kikubaaqudgha.
  1514 | D:3      | Killed Terence
  1525 | D:3      | Found a basalt altar of Yredelemnul.
  1596 | D:3      | Reached skill level 5 in Unarmed Combat
  1808 | D:4      | Reached skill level 4 in Transmutations
  1808 | D:4      | Reached XP level 6. HP: 14/46 MP: 0/11
  1853 | D:4      | Reached skill level 1 in Fighting
  1895 | D:5      | Entered Level 5 of the Dungeon
  1937 | D:5      | Reached skill level 2 in Dodging
  1989 | D:5      | Reached skill level 2 in Fighting
  2031 | D:5      | Reached XP level 7. HP: 31/55 MP: 4/13
  2129 | D:4      | Found Jifeneiff's Antique Weapon Shop.
  2149 | D:4      | Reached skill level 6 in Unarmed Combat
  2196 | D:4      | Found Qaizid's Distillery.
  2204 | D:4      | Bought a potion of agility for 48 gold pieces
  2204 | D:4      | Bought a potion of degeneration for 12 gold pieces
  2204 | D:4      | Bought a potion of mutation for 96 gold pieces
  2204 | D:4      | Gained mutation: You are frail. (-10% HP) [potion of mutation]
  2204 | D:4      | Gained mutation: You are dopey. (Int -2) [potion of mutation]
  2204 | D:4      | Gained mutation: You expend magic power (3 MP) to strengthen your wands. [potion of mutation]
  2204 | D:4      | Lost mutation: You are dopey. (Int -2) [potion of mutation]
  2599 | D:6      | Reached skill level 3 in Dodging
  2743 | D:7      | Reached skill level 3 in Fighting
  2802 | D:7      | Found a staircase to the Ecumenical Temple.
  2817 | D:7      | Noticed a hippogriff
  2829 | D:7      | Killed a hippogriff
  2829 | D:7      | Reached skill level 7 in Unarmed Combat
  2829 | D:7      | Reached XP level 8. HP: 23/56 MP: 6/14
  2933 | D:7      | Reached skill level 4 in Dodging
  2956 | D:7      | Noticed Menkaure
  2977 | D:7      | Killed Menkaure
  2987 | D:7      | Noticed a troll
  3000 | D:7      | Reached skill level 4 in Fighting
  3060 | D:7      | Noticed a hippogriff
  3084 | D:7      | Killed a hippogriff
  3084 | D:7      | Reached skill level 8 in Unarmed Combat
  3144 | D:7      | Found a deep blue altar of Sif Muna.
  3219 | D:7      | Noticed Prince Ribbit
  3227 | D:7      | Killed Prince Ribbit
  3420 | D:6      | Reached XP level 9. HP: 23/64 MP: 7/15
  3435 | D:6      | Gained mutation: Armour fits poorly on your strangely shaped body. [mutagenic meat]
  3436 | D:6      | Gained mutation: Your body sometimes deteriorates upon taking damage. [mutagenic meat]
  3438 | D:6      | Lost mutation: Your body sometimes deteriorates upon taking damage. [mutagenic meat]
  3439 | D:6      | Gained mutation: You are partially covered in icy blue scales. (AC +2) [mutagenic meat]
  3514 | D:4      | Bought a potion of mutation for 96 gold pieces
  3514 | D:4      | Bought a potion of curing for 36 gold pieces
  3514 | D:4      | Lost mutation: You are partially covered in icy blue scales. (AC +2) [potion of mutation]
  3514 | D:4      | Lost mutation: Armour fits poorly on your strangely shaped body. [potion of mutation]
  3514 | D:4      | Gained mutation: Armour fits poorly on your strangely shaped body. [potion of mutation]
  3514 | D:4      | Gained mutation: You have a pair of small antennae on your head. [potion of mutation]
  3591 | D:6      | Found a sacrificial altar of Ru.
  3597 | D:6      | Found an iron altar of Okawaru.
  3918 | D:8      | Reached skill level 5 in Fighting
  3918 | D:8      | Reached skill level 5 in Dodging
  3918 | D:8      | Reached skill level 9 in Unarmed Combat
  4134 | D:9      | Noticed Maurice
  4263 | D:8      | Reached skill level 5 in Transmutations
  4328 | D:8      | Reached skill level 6 in Transmutations
  4364 | D:8      | Learned a level 5 spell: Blade Hands
  4494 | D:8      | Found a roughly hewn altar of Beogh.
  4539 | D:8      | Slain by an orc warrior

Skill      XL: |  1  2  3  4  5  6  7  8  9 |
---------------+----------------------------+-----
Unarmed Combat | 3 4 5 7 8 9 |  9.3
Spellcasting   | 2 |  2.0
Transmutations | 2 3 4 6 |  6.8
Fighting       | 2 3 4 5 |  5.2
Dodging        | 2 3 4 5 |  5.3

Action                   |  1- 3 |  4- 6 |  7- 9 || total
-------------------------+-------+-------+-------++-------
Melee: Unarmed           |   107 |   146 |   300 ||   553
       Kick              |    23 |       |       ||    23
       Punch             |     2 |       |     3 ||     5
       Headbutt          |     3 |       |       ||     3
 Cast: Beastly Appendage |    26 |       |       ||    26
       Sticks to Snakes  |     2 |    10 |    27 ||    39
       Spider Form       |     1 |    25 |    40 ||    66
       Blade Hands       |       |       |     3 ||     3
 Abil: End Transformatio |       |       |     3 ||     3
Evoke: Wand              |       |       |     1 ||     1
  Use: Scroll            |       |     6 |     7 ||    13
       Potion            |       |       |     7 ||     7
 Stab: Sleeping          |     3 |     1 |     2 ||     6
       Distracted        |       |     2 |     4 ||     6
       Paralysed         |       |       |     5 ||     5
       Invisible         |       |       |    14 ||    14
  Eat: Chunk             |       |     9 |    13 ||    22
       Fruit             |       |     1 |     2 ||     3
       Royal jelly       |       |       |     1 ||     1
       Bread ration      |       |       |     1 ||     1
Armor: Robe              |    10 |     5 |     6 ||    21
       Skin              |       |     2 |     9 ||    11
Dodge: Dodged            |    54 |    88 |   258 ||   400

Table legend:
 A = Turns spent in this place as a percentage of turns spent in the entire game.
 B = Non-inter-level travel turns spent in this place as a percentage of non-inter-level travel turns spent in the entire game.
 C = Inter-level travel turns spent in this place as a percentage of turns spent in this place.
 D = Turns resting spent in this place as a percentage of non-inter-level travel turns spent in this place.
 E = Turns spent auto-exploring this place as a percentage of non-inter-level travel turns spent in this place.
 F = Non-inter-level travel turns spent in this place divided by the number of levels of this place that you've seen.
                   A       B       C       D       E      F
               +-------+-------+-------+-------+-------+----------------------
         Total | 100.0 | 100.0 |   0.2 |   0.0 |   0.0 | 479.1
       Dungeon | 100.0 | 100.0 |   0.2 |   0.0 |   0.0 | 479.1
               +-------+-------+-------+-------+-------+----------------------

Table legend:
 A = Kills in this place as a percentage of kills in entire the game.
 B = Kills by you in this place as a percentage of kills by you in the entire game.
 C = Kills by friends in this place as a percentage of kills by friends in the entire game.
 D = Other kills in this place as a percentage of other kills in the entire game.
 E = Experience gained in this place as a percentage of experience gained in the entire game.
 F = Experience gained in this place divided by the number of levels of this place that you have seen.
                   A       B       C       D       E      F
               +-------+-------+-------+-------+-------+----------------------
         Total | 100.0 | 100.0 | 100.0 |  -nan | 100.0 | 632.1
       Dungeon | 100.0 | 100.0 | 100.0 |  -nan | 100.0 | 632.1
               +-------+-------+-------+-------+-------+----------------------

Vault maps used:
D:1:      dpeg_arrival_erosion
D:2:      lemuel_coloured_pillars_altar, first_bread
D:3:      good_gods_temple_1, lemuel_round_altar, overflow_temple_1_default,
          uniq_crazy_yiuf_cottage, uniq_terence
D:4:      serial_shops, shop_fountains, shop, lightli_sewer_entry_pipes,
          kennysheep_generic_room_9
D:6:      minitemple
D:7:      nicolae_overflow_crystal_walls, minmay_temple_entry_trees,
          uniq_prince_ribbit1, uniq_menkaure
D:8:      special_room
D:9:      orc_0_dummy, grunt_ogre_cave, uniq_gastronok, uniq_psyche,
          uniq_erolcha, uniq_maurice
